 Dungeon Crawl Stone Soup version 0.28.0-43-g3370ac3207 (webtiles) character file.

Game seed: 11523291890967020467

986 adizb the Covert (level 8, -9/55 HPs)
             Began as an Octopode Brigand on Mar 6, 2022.
             Mangled by an ogre
             ... wielding a +0 giant club
              (23 damage)
             ... on level 4 of the Dungeon.
             The game lasted 00:22:07 (3532 turns).

adizb the Covert (Octopode Brigand)                 Turns: 3532, Time: 00:22:07

Health: -9/55      AC:  1    Str: 11    XL:     8   Next: 18%
Magic:  0/8        EV: 14    Int: 13    God:
Gold:   166        SH:  0    Dex: 15    Spells: 7/7 levels left

rFire   . . .      SeeInvis .   h - +4 short sword (vorpal)
rCold   . . .      Faith    .   (no shield)
rNeg    . . .      Spirit   +   (helmet restricted)
rPois   .          Reflect  .   l - amulet of guardian spirit
rElec   .          Harm     .   u - ring of resist corrosion
rCorr   +          Rampage  .   (no ring)
Will    .....                   (no ring)
Stlth   +++++.....              (no ring)
HPRegen 0.18/turn               (no ring)
MPRegen 0.11/turn               (no ring)
                                (no ring)
                                (no ring)

@: no status effects
A: almost no armour, amphibious, 8 rings, camouflage 1, gelatinous body 1,
(nimble swimmer 1), tentacles
a: no special abilities


You were on level 4 of the Dungeon.
You visited 1 branch of the dungeon, and saw 5 of its levels.

You collected 194 gold pieces.
You spent 28 gold pieces at shops.

Inventory:

Hand Weapons
 a - a +2 dagger
 h - a +4 vorpal short sword (weapon)
Missiles
 b - 7 poisoned darts (quivered)
 c - a curare-tipped dart
Jewellery
 l - an amulet of guardian spirit (around mantle)
 u - a ring of resist corrosion (left tentacle)
Wands
 m - a wand of flame (9)
Scrolls
 d - a scroll of blinking {unknown}
 e - a scroll of brand weapon
 i - a scroll of immolation {unknown}
 o - a scroll of fear {unknown}
 q - a scroll of magic mapping {unknown}
 s - 2 scrolls of torment {unknown}
Potions
 f - 2 potions of flight
 g - 2 potions of heal wounds
 j - a potion of berserk rage
 k - a potion of brilliance
 p - a potion of degeneration {unknown}
 t - a potion of lignification {unknown}


   Skills:
 + Level 5.0 Fighting
 + Level 4.8 Short Blades
 - Level 2.0 Throwing
 + Level 3.2 Dodging
 * Level 8.5 Stealth
 + Level 2.8 Unarmed Combat


You had 7 spell levels left.
You didn't know any spells.
Your spell library was empty.

Dungeon Overview and Level Annotations

Branches:
Dungeon (5/15)
 Temple: D:4-7

Altars:
Vehumet

Shops:
D:3 *   D:5 *


Innate Abilities, Weirdness & Mutations

You cannot wear most types of armour.
You are amphibious.
You can wear up to eight rings at the same time.
Your skin changes colour to match your surroundings (Stealth+).
Your rubbery body absorbs attacks. (AC +1, EV +1)
((You are camouflaged when in or above water. (Stealth+)))
You have tentacles for arms and can constrict up to eight enemies at once.


Message History

The ufetubus is almost dead.
You constrict the ufetubus, but do no damage.
The ufetubus misses you. x2
You hit the ufetubus.
You kill the ufetubus!
You closely miss the orc. Your grab misses the orc. You squeeze the orc.
The orc is moderately wounded.
The orc hits you with a +0 hand axe!
You hit the orc.
You kill the orc!
Items here: ))) [ †.
An orc comes into view. It is wielding a +0 flail.
Found a leather armour.
An orc priest and an ogre come into view.
The orc priest shouts!
The ogre shouts!
An orc warrior comes into view. It is wielding a +0 flail.
An orc wizard comes into view. It is wielding a +0 dagger.
The orc warrior shouts!
The orc shouts!
The orc wizard gestures wildly while chanting.
The orc wizard flickers and vanishes!
Deactivating autopickup; reactivate with Ctrl-A.
Found a pair of glowing boots.
A sky beast comes into view.
You see here 14 arrows.
There is a stone staircase leading up here.
You see here a scroll of vulnerability.
The ogre hits you with a +0 giant club!
You climb upwards.
Reactivating autopickup.
There is a stone staircase leading down here.
You hit the ogre. You squeeze the ogre.
The ogre is moderately wounded.
You puncture the ogre!
The ogre is severely wounded.
The ogre hits you with a +0 giant club!
* * * LOW HITPOINT WARNING * * *
You completely miss the ogre. You squeeze the ogre, but do no damage.
The ogre is severely wounded.
The ogre hits you with a +0 giant club!!
You die...

### #.# ..##
...################ ####
.#...##..##....#..###..#
.#...#......[..#...#...###
##...#.......#.##......#.##
##.....######...O...#.....#
...#..## ###...#@.##......#
)###...###.....#####......#
...#....##....###.....#####
...##.............#...#
...##.............#..##
.................#####
................##
.............#..# ###
##..........##..## #.####


You could see an ogre.

Vanquished Creatures
  Sigmund (D:2)
  Eustachio (D:4)
  3 phantoms (D:4)
  A bullfrog zombie (D:5)
  2 hounds (D:4)
  3 orc priests (D:5)
  Natasha (twice) (D:2)
  An iguana (D:3)
  An orc wizard (D:5)
  A howler monkey zombie (D:5)
  Robin (D:3)
  4 adders
  2 ufetubi
  A worm (D:4)
  2 dart slugs (D:3)
  12 orcs (D:5)
  7 endoplasms
  2 giant cockroaches
  15 goblins
  14 hobgoblins
  10 jackals
  5 kobolds
  3 quokkas
  8 ball pythons
  6 bats
  A frilled lizard (D:2)
  7 rats
116 creatures vanquished.

Vanquished Creatures (others)
  3 fungi (D:5)
3 creatures vanquished.

Grand Total: 119 creatures vanquished

Notes
Turn   | Place    | Note
-------+----------+-------------------------------------------
     0 | D:1      | adizb the Octopode Brigand began the quest for the Orb.
     0 | D:1      | Reached XP level 1. HP: 14/14 MP: 1/1
     6 | D:1      | Noticed a hog
     7 | D:1      | Noticed a wyvern
     7 | D:1      | Noticed a snapping turtle
   589 | D:1      | Reached XP level 2. HP: 16/19 MP: 2/2
   976 | D:2      | Reached XP level 3. HP: 14/25 MP: 3/3
  1038 | D:2      | Found a faded altar of an unknown god.
  1038 | D:2      | Noticed Sigmund
  1082 | D:2      | Killed Sigmund
  1083 | D:2      | Reached skill level 6 in Stealth
  1083 | D:2      | Reached skill level 1 in Unarmed Combat
  1083 | D:2      | Reached XP level 4. HP: 27/31 MP: 4/4
  1083 | D:2      | Reached XP level 5. HP: 32/36 MP: 5/5
  1352 | D:2      | Noticed Natasha
  1362 | D:2      | Killed Natasha
  1363 | D:2      | Reached XP level 6. HP: 15/42 MP: 6/6
  1617 | D:2      | Noticed Natasha
  1626 | D:2      | Killed Natasha
  1627 | D:2      | Reached skill level 7 in Stealth
  1785 | D:3      | Noticed Robin
  2028 | D:3      | Killed Robin
  2130 | D:3      | Found a radiant altar of Vehumet.
  2305 | D:3      | Found Hytzepy's General Store.
  2722 | D:4      | Reached XP level 7. HP: 28/48 MP: 4/7
  3014 | D:4      | Noticed Eustachio
  3027 | D:4      | Killed Eustachio
  3028 | D:4      | Reached skill level 8 in Stealth
  3204 | D:5      | Entered Level 5 of the Dungeon
  3257 | D:5      | Reached XP level 8. HP: 26/54 MP: 4/8
  3385 | D:5      | Found Oful's Specific Store.
  3386 | D:5      | Found Dusaff's General Store.
  3391 | D:5      | Bought a scroll of identify for 28 gold pieces
  3466 | D:5      | Reached skill level 5 in Fighting
  3532 | D:4      | Mangled by an ogre

Illustrated notes

Levels and vault maps discovered:
D:1:      onia_arrival_zoo_common, layout_basic, minmay_tree_intersection
D:2:      layout_basic, hellmonk_ecumenical_altar_crossroads, minmay_quantized,
          uniq_sigmund, uniq_natasha
D:3:      layout_basic, nicolae_vehumet_radiance, serial_shops, shop, uniq_robin
D:4:      layout_cave_pools, uniq_eustachio
D:5:      layout_cave_pools, nicolae_specific_store,
          hangedman_abyss_or_decor_slice, grunt_ministairs_14,
          cheibrodos_gnoll_hut, uniq_menkaure, uniq_crazy_yiuf_cottage

Skill      XL: |  1  2  3  4  5  6  7  8 |
---------------+-------------------------+-----
Fighting       | 3 4 5 |  5.0
Short Blades   | 3 4 |  4.8
Stealth        | 6 7 8 |  8.5
Unarmed Combat | 1 2 |  2.8
Dodging        | 2 3 |  3.2
Throwing       | |  2.0

Action                   |  1- 3 |  4- 6 |  7- 9 || total
-------------------------+-------+-------+-------++-------
Melee: Dagger            |    34 |       |       ||    34
       Tentacles         |     7 |    18 |    24 ||    49
       Constrict         |     7 |    17 |    14 ||    38
       Short sword       |    22 |    91 |    95 ||   208
       Punch             |       |     1 |     6 ||     7
Throw: Dart              |    10 |    18 |       ||    28
  Use: Scroll            |       |     3 |     4 ||     7
       Potion            |       |       |     2 ||     2
 Stab: Sleeping          |    14 |     9 |     8 ||    31
       Distracted        |       |     1 |     1 ||     2
Armor: Skin              |     4 |     6 |     4 ||    14
Dodge: Dodged            |    22 |    44 |    42 ||   108
